Hurricanes vs Penguins

Created - April-26-13 at 21:57

Goals
1 2 3 T
Hurricanes 2 1 0 3
Penguins 2 1 2 5
Shots
1 2 3 T
Hurricanes 6 7 6 19
Penguins 13 12 7 32

1st period

1. Penguins , Ryan Callahan 3 (Alexander Edler, John Tavares) at 6:42
2. Hurricanes , Jarome Iginla 5 (Anton Volchenkov, Matt Greene) at 7:00
3. Penguins , Stephen Weiss 2 (Andrew Ladd) at 13:00
4. Hurricanes , Patrik Elias 3 (Duncan Keith, Filip Kuba) at 13:28

Penalties :
Patrik Elias (CAR) for Holding (Minor) at 14:21, Zack Smith (PIT) for Delaying the game (Minor) at 18:27

2nd period

5. Hurricanes , Joffrey Lupul 1 (Anton Volchenkov) at 10:31
6. Penguins , Joe Pavelski 1 (Nick Leddy, Alexander Edler) at 17:32

Penalties :
Ryan Callahan (PIT) for Boarding (Minor) at 1:33, Gabriel Landeskog (PIT) for Slashing (Minor) at 6:43, Jason Chimera (CAR) for High sticking (Minor) at 13:37, Shane OBrien (CAR) for Tripping (Minor) at 17:35

3rd period

7. Penguins , Kris Letang 1 (John Tavares) at 7:43 (PP)
8. Penguins , Ryan Callahan 4 (Kris Letang, John Tavares) at 11:37 (PP)

Penalties :
Duncan Keith (CAR) for Roughing (Minor) at 7:03, Jason Chimera (CAR) for Slashing (Minor) at 10:14, Gabriel Landeskog (PIT) for Hooking (Minor) at 18:53

Goalie Stats

Mike Smith (CAR), 27 saves from 32 shots - (0.844), L, 2-1-3, 60:00 minutes
Marc-Andre Fleury (PIT), 16 saves from 19 shots - (0.842), W, 4-1-1, 60:00 minutes

Players Stats for Hurricanes

Player Name              G  A  P  +/- PIM S  H  SB GA TA FO     MP     PP MP  PK MP  
------------------------------------------------------------------------------------
Anton Volchenkov         0  2  2   2  0   1  4  1  0  0  0/0    22:50   2:58   4:52 
Chad LaRose              0  0  0  -2  0   1  1  0  0  0  0/1    15:16   3:50   0:00 
Daniel Winnik            0  0  0   1  0   2  0  0  0  0  1/2    17:10   0:00   4:25 
Darroll Powe             0  0  0   1  0   0  1  0  0  0  3/9    18:04   3:10   3:35 
Duncan Keith             0  1  1   0  2   1  1  1  0  0  0/0    26:25   4:05   4:41 
Eric Staal               0  0  0   1  0   2  1  0  0  0  8/13   17:42   0:26   2:05 
Filip Kuba               0  1  1   0  0   0  4  1  0  0  0/0    23:35   2:58   3:08 
Jarome Iginla            1  0  1  -2  0   4  0  1  0  0  0/2    15:48   3:50   0:00 
Jason Chimera            0  0  0   1  4   1  3  0  0  0  1/3    15:41   2:58   0:00 
Jeff Halpern             0  0  0  -2  0   0  1  0  0  0  7/18   17:36   0:15   5:55 
Jesse Winchester         0  0  0   0  0   0  0  0  0  0  5/6    10:32   0:00   0:00 
Joffrey Lupul            1  0  1   1  0   2  2  0  0  0  2/4    14:21   3:42   0:00 
Matt Greene              0  1  1   2  0   0  2  0  0  0  0/0    15:27   0:00   0:13 
Maxim Lapierre           0  0  0   0  0   0  0  0  0  0  0/0    10:32   0:00   0:00 
Patrik Elias             1  0  1   1  2   1  0  1  0  0  8/14    9:06   2:47   0:00 
Ryan Wilson              0  0  0  -2  0   2  2  0  0  0  0/0    15:45   4:05   0:00 
Shane OBrien             0  0  0  -2  2   1  4  0  0  0  0/0    15:22   0:00   3:06 
Sheldon Brookbank        0  0  0   0  0   1  2  0  0  0  0/1    10:43   0:11   0:00 

Players Stats for Penguins

Player Name              G  A  P  +/- PIM S  H  SB GA TA FO     MP     PP MP  PK MP  
------------------------------------------------------------------------------------
Adam Larsson             0  0  0   0  0   0  0  1  0  0  0/0    13:05   0:00   0:00 
Alexander Edler          0  2  2   1  0   2  0  2  0  0  0/0    21:58   3:48   4:12 
Alexander Steen          0  0  0   0  0   0  0  0  0  0  0/2    17:26   3:50   0:00 
Andrew Ladd              0  1  1   1  0   2  1  0  0  0  1/1    15:04   0:00   0:00 
Bobby Butler             0  0  0   0  0   0  0  0  0  0  0/0     0:00   0:00   0:00 
Cam Fowler               0  0  0   0  0   0  0  0  0  0  0/0     2:12   0:00   0:00 
David Perron             0  0  0  -1  0   2  0  0  0  0  2/2    20:27   4:10   0:00 
Gabriel Landeskog        0  0  0   0  4   3  5  0  0  0  1/2    17:24   3:50   0:00 
Joe Pavelski             1  0  1   0  0   2  0  0  0  0  8/23   19:12   3:50   1:46 
John Tavares             0  3  3  -1  0   2  0  0  0  0  11/19  20:27   4:10   0:00 
Kris Letang              1  1  2  -1  0   4  1  0  0  0  0/0    24:57   4:12   2:51 
Nick Leddy               0  1  1   1  0   0  0  0  0  0  0/0    19:46   3:48   4:12 
Nick Schultz             0  0  0   0  0   1  1  0  0  0  0/0    13:05   0:00   0:00 
Ryan Callahan            2  0  2  -1  2   8  6  0  0  0  1/2    20:36   4:10   0:10 
Ryan Smyth               0  0  0   0  0   0  0  0  0  0  1/2    15:33   0:00   5:17 
Ryan Suter               0  0  0  -1  0   3  0  1  0  0  0/0    24:57   4:12   2:51 
Stephen Weiss            1  0  1   1  0   3  0  0  0  0  10/15  20:21   0:00   5:17 
Zack Smith               0  0  0   1  2   0  0  0  0  0  3/5     6:23   0:00   1:36 

3 Stars

1 - Ryan Callahan (PIT)
2 - Anton Volchenkov (CAR)
3 - Joffrey Lupul (CAR)

Power Play

Hurricanes - 0 on 4 Attempt(s) - 0.00%
Penguins - 2 on 5 Attempt(s) - 40.00%

Penalty Kill

Hurricanes - 3 on 5 Attempt(s) - 60.00% - Score 0 goal in Penalty Kill
Penguins - 4 on 4 Attempt(s) - 100.00% - Score 0 goal in Penalty Kill

Official

Referees : Kelly Sutherland and Dan O'Halloran
Linesman : Tony Sericolo and Don Henderson

Game Notes

Patrik Elias is injured at 12:15 of 2nd period (Bruised Left Foot)

Finance

Level 1 -- Attendance: 6500 (100.00%) -- Ticket Income $728,000
Level 2 -- Attendance: 5000 (100.00%) -- Ticket Income $380,000
Level 3 -- Attendance: 3500 (100.00%) -- Ticket Income $168,000
Level 4 -- Attendance: 2087 (100.00%) -- Ticket Income $89,741
Luxury Box -- Attendance: 996 (99.60%) -- Ticket Income $214,140
Game was played at the Consol Energy Center
Total Attendance: 18083 (99.98%)
Total Ticket Income: $1,579,881
Other Income: $236,982
Total Income: $1,816,863


% Time on Ice - Hurricanes

Lines # - Real PCT - Wanted PCT - Time Play
Normal Forward
1 - 23% - 30% - 10:14
2 - 28% - 28% - 12:45
3 - 25% - 27% - 11:26
4 - 23% - 15% - 10:32
Normal Defense
1 - 32% - 35% - 14:30
2 - 34% - 35% - 15:14
3 - 26% - 15% - 11:40
4 - 8% - 15% - 3:33
PP Forward
1 - 54% - 50% - 3:50
2 - 46% - 50% - 3:13
PP Defense
1 - 58% - 50% - 4:05
2 - 42% - 50% - 2:58
PK Forward
1 - 55% - 50% - 4:25
2 - 45% - 50% - 3:35
PK Defense
1 - 39% - 50% - 3:08
2 - 61% - 50% - 4:52
PK3 Forward
1 - 0% - 50%
2 - 0% - 50%
PK3 Defense
1 - 0% - 50%
2 - 0% - 50%
44 Forward
1 - 0% - 50%
2 - 0% - 50%
44 Defense
1 - 0% - 50%
2 - 0% - 50%
Last Minute Offensive  - 0:00
Last Minute Defensive  - 0:00
Total
Forward - 60:00
Defense - 60:00

% Time on Ice - Penguins

Lines # - Real PCT - Wanted PCT - Time Play
Normal Forward
1 - 36% - 38% - 16:17
2 - 30% - 32% - 13:36
3 - 23% - 20% - 10:16
4 - 11% - 10% - 4:48
Normal Defense
1 - 40% - 40% - 17:54
2 - 26% - 30% - 11:46
3 - 29% - 20% - 13:05
4 - 5% - 10% - 2:12
PP Forward
1 - 52% - 60% - 4:10
2 - 48% - 40% - 3:50
PP Defense
1 - 53% - 60% - 4:12
2 - 48% - 40% - 3:48
PK Forward
1 - 75% - 60% - 5:17
2 - 25% - 40% - 1:46
PK Defense
1 - 60% - 60% - 4:12
2 - 40% - 40% - 2:51
PK3 Forward
1 - 0% - 65%
2 - 0% - 35%
PK3 Defense
1 - 0% - 55%
2 - 0% - 45%
44 Forward
1 - 0% - 60%
2 - 0% - 40%
44 Defense
1 - 0% - 55%
2 - 0% - 45%
Last Minute Offensive  - 0:00
Last Minute Defensive  - 0:00
Total
Forward - 60:00
Defense - 60:00

Play by Play

1st period


0:01 of 1st period - Eric Staal wins face-off versus John Tavares in neutral zone.
0:17 of 1st period - Icing by Filip Kuba.
0:18 of 1st period - Eric Staal wins face-off versus Joe Pavelski in Hurricanes zone.
0:18 of 1st period - Duncan Keith is hit by Gabriel Landeskog and loses puck.
0:29 of 1st period - Off-side.
0:30 of 1st period - Stephen Weiss wins face-off versus Jason Chimera in neutral zone.
0:39 of 1st period - Shot by Andrew Ladd.
0:39 of 1st period - Stopped by Mike Smith without a rebound.
0:40 of 1st period - Andrew Ladd wins face-off versus Jeff Halpern in Hurricanes zone.
0:45 of 1st period - Shot by Stephen Weiss.
0:45 of 1st period - Stopped by Mike Smith with a rebound.
0:47 of 1st period - Shot by Stephen Weiss.
0:47 of 1st period - Shot Misses the Net.
0:49 of 1st period - Shot by Stephen Weiss.
0:49 of 1st period - Shot Misses the Net.
0:51 of 1st period - Shot by Andrew Ladd.
0:51 of 1st period - Shot Misses the Net.
1:07 of 1st period - Shot by Andrew Ladd.
1:07 of 1st period - Stopped by Mike Smith without a rebound.
1:08 of 1st period - Joe Pavelski wins face-off versus Sheldon Brookbank in Hurricanes zone.
1:17 of 1st period - Shot by Joe Pavelski.
1:17 of 1st period - Shot Misses the Net.
1:19 of 1st period - Shot by Ryan Suter.
1:19 of 1st period - Deflect By Gabriel Landeskog.
1:19 of 1st period - Shot Misses the Net.
1:21 of 1st period - Shot by Ryan Suter.
1:21 of 1st period - Stopped by Mike Smith without a rebound.
1:22 of 1st period - David Perron wins face-off versus Patrik Elias in Hurricanes zone.
1:47 of 1st period - Duncan Keith is hit by Ryan Callahan and loses puck.
3:31 of 1st period - Stephen Weiss is hit by Anton Volchenkov and loses puck.
4:09 of 1st period - Shot by Ryan Callahan.
4:09 of 1st period - Stopped by Mike Smith without a rebound.
4:10 of 1st period - Jeff Halpern wins face-off versus John Tavares in Hurricanes zone.
4:10 of 1st period - Jeff Halpern is hit by Ryan Callahan.
4:45 of 1st period - Ryan Callahan is hit by Filip Kuba.
4:48 of 1st period - Icing by Duncan Keith.
4:49 of 1st period - Joe Pavelski wins face-off versus Jeff Halpern in Hurricanes zone.
4:49 of 1st period - Joe Pavelski is hit by Filip Kuba.
5:09 of 1st period - Kris Letang is hit by Jeff Halpern and loses puck.
6:21 of 1st period - Ryan Smyth is hit by Filip Kuba and loses puck.
6:36 of 1st period - Shot by John Tavares.
6:36 of 1st period - Shot Misses the Net.
6:38 of 1st period - Shot by John Tavares.
6:38 of 1st period - Stopped by Mike Smith without a rebound.
6:39 of 1st period - John Tavares wins face-off versus Jeff Halpern in Hurricanes zone.
6:42 of 1st period - Shot by Ryan Callahan.
6:42 of 1st period - Goal by Ryan Callahan - Hurricanes : 0 - Penguins : 1.
6:43 of 1st period - John Tavares wins face-off versus Jeff Halpern in neutral zone.
7:00 of 1st period - Shot by Jarome Iginla.
7:00 of 1st period - Goal by Jarome Iginla - Hurricanes : 1 - Penguins : 1.
7:01 of 1st period - Joe Pavelski wins face-off versus Jesse Winchester in neutral zone.
7:15 of 1st period - Gabriel Landeskog is hit by Shane OBrien and loses puck.
8:06 of 1st period - Off-side.
8:07 of 1st period - Zack Smith wins face-off versus Patrik Elias in neutral zone.
8:09 of 1st period - Nick Schultz is hit by Filip Kuba.
9:02 of 1st period - Duncan Keith is hit by Kris Letang and loses puck.
9:19 of 1st period - Shot by Ryan Callahan.
9:19 of 1st period - Stopped by Mike Smith with a rebound.
9:24 of 1st period - David Perron is hit by Matt Greene and loses puck.
10:00 of 1st period - Off-side.
10:01 of 1st period - Eric Staal wins face-off versus Joe Pavelski in neutral zone.
10:16 of 1st period - Shot by Gabriel Landeskog.
10:16 of 1st period - Stopped by Mike Smith without a rebound.
10:17 of 1st period - Jesse Winchester wins face-off versus Stephen Weiss in Hurricanes zone.
10:42 of 1st period - Nick Schultz is hit by Sheldon Brookbank and loses puck.
10:51 of 1st period - Shot by Ryan Smyth.
10:51 of 1st period - Shot Misses the Net.
12:28 of 1st period - Joe Pavelski is hit by Jason Chimera and loses puck.
12:35 of 1st period - Shot by Jason Chimera.
12:35 of 1st period - Stopped by Marc-Andre Fleury without a rebound.
12:36 of 1st period - Zack Smith wins face-off versus Jeff Halpern in Penguins zone.
12:36 of 1st period - Zack Smith is hit by Chad LaRose.
13:00 of 1st period - Shot by Stephen Weiss.
13:00 of 1st period - Goal by Stephen Weiss - Hurricanes : 1 - Penguins : 2.
13:01 of 1st period - Patrik Elias wins face-off versus Joe Pavelski in neutral zone.
13:06 of 1st period - Icing by Joe Pavelski.
13:07 of 1st period - Jason Chimera wins face-off versus Gabriel Landeskog in Penguins zone.
13:12 of 1st period - Shot by Patrik Elias.
13:12 of 1st period - Shot Blocked by Alexander Edler.
13:28 of 1st period - Shot by Patrik Elias.
13:28 of 1st period - Goal by Patrik Elias - Hurricanes : 2 - Penguins : 2.
13:29 of 1st period - Jeff Halpern wins face-off versus John Tavares in neutral zone.
13:37 of 1st period - Off-side.
13:38 of 1st period - John Tavares wins face-off versus Patrik Elias in neutral zone.
14:08 of 1st period - Icing by Jason Chimera.
14:09 of 1st period - Daniel Winnik wins face-off versus Ryan Smyth in Hurricanes zone.
14:21 of 1st period - Minor Penalty to Patrik Elias for Holding.
14:22 of 1st period - Darroll Powe wins face-off versus Joe Pavelski in Hurricanes zone.
14:22 of 1st period - Darroll Powe is hit by Gabriel Landeskog.
14:40 of 1st period - Shot by Ryan Suter.
14:40 of 1st period - Stopped by Mike Smith with a rebound.
15:20 of 1st period - Alexander Edler is hit by Eric Staal and loses puck.
15:28 of 1st period - Filip Kuba is hit by Ryan Callahan and loses puck.
17:04 of 1st period - Shot by Stephen Weiss.
17:04 of 1st period - Stopped by Mike Smith without a rebound.
17:05 of 1st period - Eric Staal wins face-off versus Alexander Steen in Hurricanes zone.
18:12 of 1st period - Shot by David Perron.
18:12 of 1st period - Stopped by Mike Smith without a rebound.
18:13 of 1st period - Zack Smith wins face-off versus Jeff Halpern in Hurricanes zone.
18:27 of 1st period - Minor Penalty to Zack Smith for Delaying the game.
18:28 of 1st period - Patrik Elias wins face-off versus Stephen Weiss in Penguins zone.
18:53 of 1st period - Shot by Joffrey Lupul.
18:53 of 1st period - Stopped by Marc-Andre Fleury without a rebound.
18:54 of 1st period - Stephen Weiss wins face-off versus Darroll Powe in Penguins zone.
19:13 of 1st period - Shot by Ryan Wilson.
19:13 of 1st period - Stopped by Marc-Andre Fleury with a rebound.
19:23 of 1st period - Shot by Ryan Wilson.
19:23 of 1st period - Shot Misses the Net.
19:25 of 1st period - Shot by Jarome Iginla.
19:25 of 1st period - Shot Misses the Net.
19:27 of 1st period - Shot by Jarome Iginla.
19:27 of 1st period - Stopped by Marc-Andre Fleury without a rebound.
19:28 of 1st period - Ryan Callahan wins face-off versus Joffrey Lupul in Penguins zone.
19:28 of 1st period - Kris Letang is hit by Jason Chimera and loses puck.
19:59 of 1st period - Shot by Anton Volchenkov.
19:59 of 1st period - Shot Misses the Net.

2nd period


0:01 of 2nd period - Stephen Weiss wins face-off versus Darroll Powe in neutral zone.
0:18 of 2nd period - Shot by Chad LaRose.
0:18 of 2nd period - Stopped by Marc-Andre Fleury without a rebound.
0:19 of 2nd period - Stephen Weiss wins face-off versus Patrik Elias in Penguins zone.
0:54 of 2nd period - Off-side.
0:55 of 2nd period - Jeff Halpern wins face-off versus Joe Pavelski in neutral zone.
1:24 of 2nd period - Shot by Joe Pavelski.
1:24 of 2nd period - Stopped by Mike Smith without a rebound.
1:25 of 2nd period - Patrik Elias wins face-off versus John Tavares in Hurricanes zone.
1:25 of 2nd period - Patrik Elias is hit by Ryan Callahan.
1:28 of 2nd period - Icing by Anton Volchenkov.
1:29 of 2nd period - Patrik Elias wins face-off versus John Tavares in Hurricanes zone.
1:33 of 2nd period - Minor Penalty to Ryan Callahan for Boarding.
1:34 of 2nd period - Stephen Weiss wins face-off versus Darroll Powe in Penguins zone.
2:17 of 2nd period - Shot by Jarome Iginla.
2:17 of 2nd period - Stopped by Marc-Andre Fleury without a rebound.
2:18 of 2nd period - Patrik Elias wins face-off versus Zack Smith in Penguins zone.
2:39 of 2nd period - Shot by Filip Kuba.
2:39 of 2nd period - Shot Blocked by Alexander Edler.
3:51 of 2nd period - Shot by Jesse Winchester.
3:51 of 2nd period - Deflect By Maxim Lapierre.
3:51 of 2nd period - Shot Blocked by Adam Larsson.
4:04 of 2nd period - Sheldon Brookbank is hit by Nick Schultz and loses puck.
4:17 of 2nd period - Icing by Daniel Winnik.
4:18 of 2nd period - Patrik Elias wins face-off versus Alexander Steen in Hurricanes zone.
4:38 of 2nd period - Off-side.
4:39 of 2nd period - Stephen Weiss wins face-off versus Jeff Halpern in neutral zone.
5:11 of 2nd period - Stephen Weiss is hit by Shane OBrien and loses puck.
6:04 of 2nd period - Shot by Eric Staal.
6:04 of 2nd period - Stopped by Marc-Andre Fleury without a rebound.
6:05 of 2nd period - John Tavares wins face-off versus Jason Chimera in Penguins zone.
6:31 of 2nd period - Icing by Daniel Winnik.
6:32 of 2nd period - Patrik Elias wins face-off versus Joe Pavelski in Hurricanes zone.
6:34 of 2nd period - Icing by Anton Volchenkov.
6:35 of 2nd period - Patrik Elias wins face-off versus Joe Pavelski in Hurricanes zone.
6:35 of 2nd period - Patrik Elias is hit by Gabriel Landeskog.
6:43 of 2nd period - Minor Penalty to Gabriel Landeskog for Slashing.
6:44 of 2nd period - Stephen Weiss wins face-off versus Chad LaRose in Penguins zone.
7:07 of 2nd period - Shot by Ryan Wilson.
7:07 of 2nd period - Shot Misses the Net.
7:09 of 2nd period - Shot by Ryan Wilson.
7:09 of 2nd period - Shot Misses the Net.
8:30 of 2nd period - Alexander Edler is hit by Ryan Wilson and loses puck.
8:40 of 2nd period - Stephen Weiss is hit by Ryan Wilson and loses puck.
8:56 of 2nd period - Off-side.
8:57 of 2nd period - Jesse Winchester wins face-off versus Joe Pavelski in neutral zone.
9:12 of 2nd period - Ryan Suter is hit by Sheldon Brookbank and loses puck.
9:25 of 2nd period - Shot by Joe Pavelski.
9:25 of 2nd period - Shot Misses the Net.
9:27 of 2nd period - Shot by Ryan Suter.
9:27 of 2nd period - Stopped by Mike Smith without a rebound.
9:28 of 2nd period - Jeff Halpern wins face-off versus Ryan Callahan in Hurricanes zone.
9:53 of 2nd period - Shot by Jarome Iginla.
9:53 of 2nd period - Shot Misses the Net.
10:31 of 2nd period - Shot by Joffrey Lupul.
10:31 of 2nd period - Goal by Joffrey Lupul - Hurricanes : 3 - Penguins : 2.
10:32 of 2nd period - Joe Pavelski wins face-off versus Patrik Elias in neutral zone.
10:47 of 2nd period - Shot by Alexander Steen.
10:47 of 2nd period - Shot Misses the Net.
10:49 of 2nd period - Shot by Alexander Edler.
10:49 of 2nd period - Stopped by Mike Smith without a rebound.
10:50 of 2nd period - Stephen Weiss wins face-off versus Eric Staal in Hurricanes zone.
11:42 of 2nd period - Icing by Andrew Ladd.
11:43 of 2nd period - Stephen Weiss wins face-off versus Patrik Elias in Penguins zone.
11:43 of 2nd period - Stephen Weiss is hit by Jason Chimera.
11:49 of 2nd period - Filip Kuba is hit by Andrew Ladd and loses puck.
12:13 of 2nd period - Shot by David Perron.
12:13 of 2nd period - Shot Misses the Net.
12:15 of 2nd period - Shot by Ryan Callahan.
12:15 of 2nd period - Shot Blocked by Patrik Elias.
12:15 of 2nd period - Patrik Elias from Hurricanes is injured at 12:15 of 2nd period (Bruised Left Foot).
12:16 of 2nd period - Joe Pavelski wins face-off versus Jeff Halpern in Hurricanes zone.
12:37 of 2nd period - Shot by Gabriel Landeskog.
12:37 of 2nd period - Stopped by Mike Smith without a rebound.
12:38 of 2nd period - Eric Staal wins face-off versus John Tavares in Hurricanes zone.
12:38 of 2nd period - Eric Staal is hit by Ryan Callahan.
13:08 of 2nd period - Shot by Joffrey Lupul.
13:08 of 2nd period - Shot Misses the Net.
13:16 of 2nd period - Shot by David Perron.
13:16 of 2nd period - Stopped by Mike Smith without a rebound.
13:17 of 2nd period - Joe Pavelski wins face-off versus Jarome Iginla in Hurricanes zone.
13:17 of 2nd period - Joe Pavelski is hit by Matt Greene.
13:23 of 2nd period - Shot by Gabriel Landeskog.
13:23 of 2nd period - Shot Misses the Net.
13:26 of 2nd period - Icing by Matt Greene.
13:27 of 2nd period - Gabriel Landeskog wins face-off versus Jarome Iginla in Hurricanes zone.
13:37 of 2nd period - Minor Penalty to Jason Chimera for High sticking.
13:38 of 2nd period - John Tavares wins face-off versus Darroll Powe in Hurricanes zone.
14:15 of 2nd period - Shot by Ryan Callahan.
14:15 of 2nd period - Shot Blocked by Duncan Keith.
14:17 of 2nd period - Shot by Ryan Callahan.
14:17 of 2nd period - Stopped by Mike Smith with a rebound.
14:19 of 2nd period - Shot by John Tavares.
14:19 of 2nd period - Stopped by Mike Smith with a rebound.
14:21 of 2nd period - Shot by Ryan Suter.
14:21 of 2nd period - Shot Misses the Net.
14:23 of 2nd period - Shot by Ryan Callahan.
14:23 of 2nd period - Shot Misses the Net.
14:25 of 2nd period - Shot by Ryan Callahan.
14:25 of 2nd period - Stopped by Mike Smith without a rebound.
14:26 of 2nd period - Joe Pavelski wins face-off versus Daniel Winnik in Hurricanes zone.
14:39 of 2nd period - Shot by Gabriel Landeskog.
14:39 of 2nd period - Shot Blocked by Anton Volchenkov.
16:46 of 2nd period - Shot by Daniel Winnik.
16:46 of 2nd period - Shot Misses the Net.
16:48 of 2nd period - Shot by Daniel Winnik.
16:48 of 2nd period - Shot Blocked by Ryan Suter.
16:50 of 2nd period - Shot by Daniel Winnik.
16:50 of 2nd period - Shot Misses the Net.
16:52 of 2nd period - Shot by Daniel Winnik.
16:52 of 2nd period - Stopped by Marc-Andre Fleury without a rebound.
16:53 of 2nd period - Jeff Halpern wins face-off versus Joe Pavelski in Penguins zone.
17:32 of 2nd period - Shot by Joe Pavelski.
17:32 of 2nd period - Goal by Joe Pavelski - Hurricanes : 3 - Penguins : 3.
17:33 of 2nd period - John Tavares wins face-off versus Eric Staal in neutral zone.
17:35 of 2nd period - Minor Penalty to Shane OBrien for Tripping.
17:36 of 2nd period - John Tavares wins face-off versus Jeff Halpern in Hurricanes zone.
17:52 of 2nd period - Shot by Ryan Callahan.
17:52 of 2nd period - Stopped by Mike Smith with a rebound.
17:54 of 2nd period - Shot by Ryan Suter.
17:54 of 2nd period - Shot Misses the Net.
17:56 of 2nd period - Shot by Kris Letang.
17:56 of 2nd period - Stopped by Mike Smith with a rebound.
17:58 of 2nd period - Shot by Kris Letang.
17:58 of 2nd period - Stopped by Mike Smith with a rebound.
18:07 of 2nd period - David Perron is hit by Anton Volchenkov and loses puck.
18:17 of 2nd period - Ryan Callahan is hit by Anton Volchenkov and loses puck.
18:55 of 2nd period - Shot by Joe Pavelski.
18:55 of 2nd period - Shot Misses the Net.
18:57 of 2nd period - Shot by Nick Leddy.
18:57 of 2nd period - Shot Misses the Net.
19:02 of 2nd period - Joe Pavelski is hit by Anton Volchenkov and loses puck.
19:39 of 2nd period - Shot by Shane OBrien.
19:39 of 2nd period - Stopped by Marc-Andre Fleury with a rebound.
19:45 of 2nd period - Shot by Sheldon Brookbank.
19:45 of 2nd period - Stopped by Marc-Andre Fleury without a rebound.
19:46 of 2nd period - Eric Staal wins face-off versus Stephen Weiss in Penguins zone.
19:51 of 2nd period - Shot by Joffrey Lupul.
19:51 of 2nd period - Shot Misses the Net.

3rd period


0:01 of 3rd period - Joffrey Lupul wins face-off versus John Tavares in neutral zone.
1:04 of 3rd period - Anton Volchenkov is hit by Ryan Callahan and loses puck.
1:55 of 3rd period - Shot by Gabriel Landeskog.
1:55 of 3rd period - Stopped by Mike Smith with a rebound.
3:23 of 3rd period - Icing by Filip Kuba.
3:24 of 3rd period - Jesse Winchester wins face-off versus Joe Pavelski in Hurricanes zone.
3:44 of 3rd period - Icing by Anton Volchenkov.
3:45 of 3rd period - Jeff Halpern wins face-off versus Zack Smith in Hurricanes zone.
5:19 of 3rd period - Icing by Kris Letang.
5:20 of 3rd period - Jesse Winchester wins face-off versus Joe Pavelski in Penguins zone.
6:18 of 3rd period - Alexander Edler is hit by Duncan Keith and loses puck.
7:03 of 3rd period - Minor Penalty to Duncan Keith for Roughing.
7:04 of 3rd period - Darroll Powe wins face-off versus Joe Pavelski in Hurricanes zone.
7:04 of 3rd period - Darroll Powe is hit by Gabriel Landeskog.
7:30 of 3rd period - Shot by Anton Volchenkov.
7:30 of 3rd period - Stopped by Marc-Andre Fleury without a rebound.
7:31 of 3rd period - Jeff Halpern wins face-off versus John Tavares in Penguins zone.
7:34 of 3rd period - Shot by Daniel Winnik.
7:34 of 3rd period - Stopped by Marc-Andre Fleury without a rebound.
7:35 of 3rd period - John Tavares wins face-off versus Darroll Powe in Penguins zone.
7:35 of 3rd period - John Tavares is hit by Darroll Powe.
7:43 of 3rd period - Shot by Kris Letang.
7:43 of 3rd period - Goal by Kris Letang - Hurricanes : 3 - Penguins : 4.
7:44 of 3rd period - Eric Staal wins face-off versus Joe Pavelski in neutral zone.
8:48 of 3rd period - Shot by Jarome Iginla.
8:48 of 3rd period - Stopped by Marc-Andre Fleury without a rebound.
8:49 of 3rd period - Eric Staal wins face-off versus Stephen Weiss in Penguins zone.
9:12 of 3rd period - Shot by Eric Staal.
9:12 of 3rd period - Shot Hit the Post.
9:53 of 3rd period - Ryan Suter is hit by Shane OBrien and loses puck.
10:10 of 3rd period - Shot by Jarome Iginla.
10:10 of 3rd period - Shot Misses the Net.
10:12 of 3rd period - Shot by Ryan Wilson.
10:12 of 3rd period - Stopped by Marc-Andre Fleury without a rebound.
10:13 of 3rd period - David Perron wins face-off versus Joffrey Lupul in Penguins zone.
10:13 of 3rd period - Alexander Edler is hit by Joffrey Lupul and loses puck.
10:14 of 3rd period - Minor Penalty to Jason Chimera for Slashing.
10:15 of 3rd period - John Tavares wins face-off versus Darroll Powe in Hurricanes zone.
10:16 of 3rd period - Shot by Alexander Edler.
10:16 of 3rd period - Shot Misses the Net.
10:28 of 3rd period - Shot by Ryan Callahan.
10:28 of 3rd period - Stopped by Mike Smith without a rebound.
10:29 of 3rd period - Joe Pavelski wins face-off versus Jeff Halpern in Hurricanes zone.
10:39 of 3rd period - Icing by Alexander Steen.
10:40 of 3rd period - Darroll Powe wins face-off versus Joe Pavelski in Penguins zone.
11:15 of 3rd period - Shot by Alexander Edler.
11:15 of 3rd period - Stopped by Mike Smith without a rebound.
11:16 of 3rd period - John Tavares wins face-off versus Jeff Halpern in Hurricanes zone.
11:16 of 3rd period - Ryan Callahan is hit by Shane OBrien and loses puck.
11:21 of 3rd period - Shot by Kris Letang.
11:21 of 3rd period - Stopped by Mike Smith with a rebound.
11:35 of 3rd period - Shot by Kris Letang.
11:35 of 3rd period - Shot Misses the Net.
11:37 of 3rd period - Shot by Ryan Callahan.
11:37 of 3rd period - Goal by Ryan Callahan - Hurricanes : 3 - Penguins : 5.
11:38 of 3rd period - Ryan Smyth wins face-off versus Eric Staal in neutral zone.
11:57 of 3rd period - Shot by Nick Schultz.
11:57 of 3rd period - Stopped by Mike Smith without a rebound.
11:58 of 3rd period - John Tavares wins face-off versus Eric Staal in Hurricanes zone.
12:15 of 3rd period - Shot by Eric Staal.
12:15 of 3rd period - Stopped by Marc-Andre Fleury with a rebound.
14:14 of 3rd period - Shot by Stephen Weiss.
14:14 of 3rd period - Shot Blocked by Filip Kuba.
14:30 of 3rd period - Shot by Ryan Smyth.
14:30 of 3rd period - Shot Blocked by Jarome Iginla.
18:46 of 3rd period - Off-side.
18:47 of 3rd period - Jesse Winchester wins face-off versus Joe Pavelski in neutral zone.
18:47 of 3rd period - Duncan Keith is hit by Gabriel Landeskog and loses puck.
18:53 of 3rd period - Minor Penalty to Gabriel Landeskog for Hooking.
18:54 of 3rd period - Stephen Weiss wins face-off versus Eric Staal in Penguins zone.
18:54 of 3rd period - Stephen Weiss is hit by Joffrey Lupul.
19:08 of 3rd period - Shot by Duncan Keith.
19:08 of 3rd period - Stopped by Marc-Andre Fleury without a rebound.
19:09 of 3rd period - Joffrey Lupul wins face-off versus Stephen Weiss in Penguins zone.


Output by the SimonT Hockey Simulator (STHS) for Stephane Roy -- Original Page W3C XHTML 1.0 Valid
Hockey Simulator - Hockey Simulation - Hockey Manager